Map: Ruby Rock LE

Players

Fjant

  • Race: Zerg Zerg
  • League: Grandmaster
  • Spawn Location: 11:00

LiquidClem (Clem) - Winner!

  • Race: Terran Terran
  • League: Grandmaster
  • Spawn Location: 5:00

VOD

Have the link to the VOD?

Description

Time

  • Played on: Jan. 31, 2026, 7:19 a.m.
  • Length: 4:54
Show
View Real Time Build Order
Export as new Build Order

Fjant Zerg 

Build Orders: Hatch First 

Get SALT Encoding   

  12  0:00  Drone  
  13  0:09  Drone  
  14  0:35  Hatchery  
  13  0:47  Spawning Pool  
  12  0:51  Drone  
  12  0:56  Drone  
  14  1:02  Extractor, Drone  
  15  1:09  Overlord  
  15  1:34  Zergling x4  
  15  1:35  Zergling x2  
  18  1:45  Zergling x2  
  18  1:46  Queen  
  19  1:47  Zergling x2  
  22  2:01  Zergling x2  
  23  2:02  Spine Crawler  
  23  2:03  Spine Crawler  
  23  2:04  Zergling x2  
  22  2:09  Zergling x2  
  22  2:14  Spine Crawler  
  22  2:15  Spine Crawler  
  22  2:18  Zergling x2  
  24  2:25  Spine Crawler  
  22  2:30  Zergling x2  
  22  2:31  Zergling x4  
  24  2:38  Zergling x2  
  24  2:43  Zergling x4  
  24  2:52  Zergling x4  
  22  3:01  Queen  
  24  3:06  Zergling x2  
  22  3:13  Zergling x2  
  22  3:14  Zergling x2  
  22  3:17  Zergling x2  
  24  3:26  Zergling x2  
  24  3:27  Zergling x2  
  26  3:34  Zergling x4  
  24  3:36  Zergling x2  
  24  3:41  Zergling x2  
  26  3:44  Zergling x2  
  26  3:53  Drone  
  23  3:57  Extractor  
  23  3:59  Drone  
  23  4:00  Drone  
  20  4:05  Drone, Extractor  
  19  4:16  Drone  
  18  4:26  Roach Warren  
  17  4:33  Drone  
  18  4:39  Drone  
Show
View Real Time Build Order
Export as new Build Order

LiquidClem Terran - Winner!

Build Orders: Reaper Expand 

Get SALT Encoding   

  12  0:00  SCV  
  13  0:12  SCV  
  14  0:17  Supply Depot  
  14  0:24  SCV  
  15  0:38  SCV  
  15  0:40  Barracks  
  15  0:42  Refinery  
  16  0:50  SCV  
  17  1:02  SCV  
  18  1:15  SCV  
  19  1:27  Orbital Command, Reaper  
  20  1:45  Command Center  
  20  1:59  Bunker  
  20  2:04  Marine  
  21  2:22  Marine  
  22  2:35  SCV  
  22  2:36  Factory  
  17  2:47  SCV  
  17  2:49  Marine  
  16  3:02  SCV  
  17  3:08  Marine  
  18  3:14  SCV  
  19  3:24  Hellion  
  20  3:31  SCV  
  20  3:33  SCV  
  22  3:35  Marine  
  23  3:43  SCV  
  24  3:51  Hellion, SCV  
  25  3:57  Marine  
  25  4:00  SCV  
  27  4:03  SCV  
  28  4:14  Hellion  
  28  4:15  Marine  
  31  4:19  Orbital Command  
  31  4:23  SCV  
  32  4:33  Barracks Reactor  
  32  4:35  Barracks  
  32  4:37  SCV  
Tags
 
Add a new tag
Caveats
  • Supply blocks, unpowered buildings, or Contaminate may cause inaccurate times.
  • Supply counts are checked every 10 seconds.